 Dungeon Crawl Stone Soup version 0.21.1-1-g345015fe64 (webtiles) character file.

170 KleinerIrrer the Chopper (level 5, -8/32 HPs)
             Began as a Gargoyle Fighter on Apr 4, 2018.
             Killed from afar by a white imp (10 damage)
             ... with a puff of frost
             ... summoned by Natasha
             ... on level 2 of the Dungeon.
             The game lasted 00:00:30 (2056 turns).

KleinerIrrer the Chopper (Gargoyle Fighter)         Turns: 2056, Time: 00:00:30

Health: -8/32      AC: 10    Str: 20    XL:     5   Next: 50%
Magic:  5/5        EV:  7    Int:  9    God:
Gold:   74         SH:  9    Dex:  9    Spells: 4/4 levels left

rFire    . . .     SeeInvis .   Y - +0 war axe
rCold    . . .     Gourm    .   c - +0 shield
rNeg     + . .     Faith    .   b - +0 scale mail
rPois    ∞         Spirit   .   (no helmet)
rElec    +         Reflect  .   (no cloak)
rCorr    .         Harm     .   (no gloves)
MR       .....                  (no boots)
Stlth    ..........             (no amulet)
HPRegen  0.10/turn              (no ring)
MPRegen  0.09/turn              (no ring)

@: no status effects
A: negative energy resistance 1, electricity resistance, unbreathing,
petrification resistance, rot immunity, AC +4
a: no special abilities


You were on level 2 of the Dungeon.
You were not hungry.

You visited 1 branch of the dungeon, and saw 3 of its levels.

You collected 74 gold pieces.


Innate Abilities, Weirdness & Mutations

You are resistant to torment.
Your stone body is resilient. (AC +4)
You are immune to poison.
You resist negative energy. (rN+)
You are resistant to electric shocks. (rElec)
You can survive without breathing.
You are immune to petrification.
You are immune to rotting.


   Skills:
 + Level 3.4 Fighting
 - Level 5.0 Axes
 - Level 3.2 Armour
 - Level 3.2 Shields


You had 4 spell levels left.
You didn't know any spells.

Inventory:

Hand Weapons
 h - a +0 whip
 n - a +2 whip of pain
 Y - a +0 war axe (weapon)
Armour
 b - a +0 scale mail (worn)
 c - a +0 shield (worn)
Scrolls
 a - a scroll of identify
Potions
 d - a potion of might
 e - a potion of brilliance {unknown}
 i - a potion of curing
 k - a potion of magic {unknown}
 l - a potion of berserk rage {unknown}
 m - a potion of resistance {unknown}
Comestibles
 f - 5 rations

Dungeon Overview and Level Annotations

Branches:
Dungeon (3/15)

Altars:
Dithmenos
Elyvilon
Sif Muna
Uskayaw
Vehumet

Annotations:
D:2 Natasha


Message History

You block the shadow imp's attack. Natasha barely misses you.
You block the shadow imp's attack.
Natasha mumbles some strange words.
You slash the shadow imp!
You kill the shadow imp!
You completely miss the white imp. You miss Natasha.
You block Natasha's attack. The white imp hits you. The white imp freezes you.
You barely miss Natasha.
Natasha is moderately wounded.
You hit the white imp but do no damage. You block Natasha's attack.
The white imp gestures at you. The puff of frost hits you!
You hit Natasha.
Natasha is moderately wounded.
You hit the white imp. You block Natasha's attack.
The white imp gestures at you. The puff of frost hits you!
You die...

####### ##.....## ##.....>)##
##### #.........# ....#
#####....5....# ....#
#...#...@.....#
....#######....h......#########
.......# #...................#
...###.#
#...........#######.### ####
#.## #...........# #...# # #..#
#...........# ###.# #
###.###...........# #..
#####.<...............# ##.
...........#..........# #.


You could see Natasha and a white imp.

Vanquished Creatures
  Natasha (twice) (D:2)
  3 gnolls
  3 adders (D:2)
  A worm (D:2)
  A dart slug (D:1)
  5 leopard geckos
  An orc (D:3)
  3 giant cockroaches
  8 goblins
  2 hobgoblins
  8 kobolds
  A quokka (D:3)
  A ball python (D:2)
  4 bats
  7 frilled lizards
  10 rats
60 creatures vanquished.

Notes
Turn   | Place    | Note
-------+----------+-------------------------------------------
     0 | D:1      | KleinerIrrer the Gargoyle Fighter began the quest for the Orb.
     0 | D:1      | Reached XP level 1. HP: 14/14 MP: 1/1
     0 | D:1      | 0 ||| counter = 17
    10 | D:1      | Reached skill level 2 in Axes
    44 | D:1      | Reached XP level 2. HP: 19/19 MP: 2/2
    52 | D:1      | 52 ||| DROPPING club.
   444 | D:1      | Found a shadowy altar of Dithmenos.
   449 | D:1      | Reached skill level 3 in Axes
   548 | D:1      | Reached XP level 3. HP: 23/23 MP: 3/3
   922 | D:1      | 922 ||| READING 3 scrolls labeled YXOLEF KIXOUMU.
   923 | D:1      | 923 ||| DRINKING 2 green potions.
   924 | D:1      | 924 ||| READING 2 scrolls of identify.
   924 | D:1      | 924 ||| IDENTIFYING encrusted brass ring
   925 | D:1      | 925 ||| DROPPING ring of wizardry.
   956 | D:2      | 956 ||| STAIRDANCE
   975 | D:2      | 975 ||| STAIRDANCE
  1096 | D:2      | Found a white marble altar of Elyvilon.
  1172 | D:2      | Reached XP level 4. HP: 28/28 MP: 4/4
  1258 | D:2      | Found a deep blue altar of Sif Muna.
  1305 | D:2      | Reached skill level 4 in Axes
  1532 | D:2      | Noticed Natasha
  1540 | D:2      | Killed Natasha
  1585 | D:2      | Noticed Natasha
  1595 | D:2      | Killed Natasha
  1595 | D:2      | Reached XP level 5. HP: 32/32 MP: 5/5
  1656 | D:2      | 1656 ||| READING scroll labeled SUTE KOTSYSAET.
  1696 | D:3      | Found a hide-covered altar of Uskayaw.
  1722 | D:3      | Found a radiant altar of Vehumet.
  1796 | D:3      | Reached skill level 5 in Axes
  1818 | D:3      | 1818 ||| STAIRDANCE
  1969 | D:3      | 1969 ||| STAIRDANCE
  2044 | D:2      | Noticed Natasha
  2054 | D:2      | HP: 6/32 [white imp[Natasha] (4)]
  2055 | D:2      | HP: 2/32 [white imp/puff of frost[Natasha] (4)]
  2056 | D:2      | Killed from afar by a white imp

Vault maps used:
D:1:      minmay_arrival_up_and_down, kennysheep_flooded_box
D:2:      lemuel_blue_sif_altar, elyvilon_altar_5, uniq_natasha
D:3:      minmay_wonky_spiral, grunt_temple_overflow_open, lemuel_round_altar,
          due_unseen_surprise

Skill      XL: |  1  2  3  4  5 |
---------------+----------------+-----
Axes           | 2 3 4 5 |  5.0
Fighting       | |  3.4
Armour         | |  3.2
Shields        | |  3.2

Action                   |  1- 3 |  4- 6 || total
-------------------------+-------+-------++-------
Melee: War axe           |   124 |    85 ||   209
  Use: Scroll            |     2 |     1 ||     3
       Potion            |     1 |       ||     1
  Eat: Chunk             |     1 |     3 ||     4
Armor: Scale mail        |    72 |    37 ||   109
Dodge: Dodged            |    36 |    21 ||    57
Block: Shield            |    60 |    39 ||    99

Table legend:
 A = Spawn XP
 B = Non-spawn XP
 C = Spawn XP percentage of total XP
 D = Spawn monster count
 E = Non-spawn monster count
 F = Spawn count percentage of total count
 G = Total turns spent on level
                    A         B        C        D         E        F      G
               +---------+---------+-------+---------+---------+-------+---------
         Total |       0 |     243 |   0.0 |       0 |      60 |   0.0 |  2056
               +---------+---------+-------+---------+---------+-------+---------
           D:1 |       0 |      51 |   0.0 |       0 |      30 |   0.0 |  1027
           D:2 |       0 |     156 |   0.0 |       0 |      23 |   0.0 |   880
           D:3 |       0 |      36 |   0.0 |       0 |       7 |   0.0 |   149
               +---------+---------+-------+---------+---------+-------+---------
